 Dungeon Crawl Stone Soup version 0.31.0-11-ge490571c62 (webtiles) character file.

Game seed: 15235668325861882609

96 SnakkuSnakku7 the Trooper (level 4, 0/35 HPs)
             Began as a Mummy Alchemist on Jan 27, 2024.
             Was a Follower of Uskayaw.
             Slain by Duvessa
             ... wielding a +0 short sword
              (8 damage)
             ... on level 4 of the Dungeon.
             The game lasted 00:03:28 (2125 turns).

SnakkuSnakku7 the Trooper (Mummy Alchemist)         Turns: 2125, Time: 00:03:29

Health: 0/35       AC:  8    Str: 13    XL:     4   Next: 41%
Magic:  8/8        EV:  6    Int: 14    God:    Uskayaw [*.....]
Gold:   116        SH:  0    Dex: 12    Spells: 7/8 levels left

rFire   x . .        a - +1 war axe (elec)
rCold   + . .        (no shield)
rNeg    + + +        e - +0 chain mail
rPois   ∞            (no helmet)
rElec   .            h - scarf {shadows}
rCorr   .            (no gloves)
SInv    .            (no boots)
Will    .....        (no amulet) Stlth
                     (no ring)
HPRegen 0.25/turn    (no ring)
MPRegen 0.11/turn

%: faith
@: no status effects
A: cold resistance 1, negative energy resistance 3, torment resistance 2, heat
vulnerability 1, in touch with death 1, no potions, faith
a: Renounce Religion, Stomp


You were on level 4 of the Dungeon.
You worshipped Uskayaw.
Uskayaw was noncommittal.
You visited 2 branches of the dungeon, and saw 5 of its levels.

You collected 116 gold pieces.

Inventory:

Hand Weapons
 a - a +1 war axe of electrocution (weapon)
 b - a +0 dagger
 f - a +0 falchion
 g - a +0 whip
Armour
 e - a +0 chain mail (worn)
 h - a scarf of shadows (worn)
 l - a +0 robe
Jewellery
 k - a ring of resist corrosion
Scrolls
 c - 3 scrolls of identify {unknown}
 d - a scroll of brand weapon {unknown}
 i - 2 scrolls of teleportation {unknown}
 j - a scroll of fog {unknown}


   Skills:
 - Level 3.4 Fighting
 + Level 1.5 Axes
 - Level 1.5 Dodging
 - Level 1.5 Stealth
 - Level 2.6 Spellcasting
 - Level 0.7 Conjurations
 - Level 2.4 Alchemy


You had 7 spell levels left.
You knew the following spells:

 Your Spells              Type           Power      Damage    Failure   Level
a - Sting                 Conj/Alch      24%        1d4       96%         1

Your spell library contained the following spells:

 Spells                   Type           Power      Damage    Failure   Level
 Mercury Vapours          Alch/Air       10%        N/A       99%         2
 Mephitic Cloud           Conj/Alch/Air  4%         N/A       100%        3
 Olgreb's Toxic Radiance  Alch           8%         N/A       100%        4
 Sticky Flame             Fire/Alch      5%         2d4       100%        4
 Alistair's Intoxication  Alch           5%         N/A       100%        5
 Borgnjor's Vile Clutch   Necr/Erth      1%         N/A       100%        5
 Eringya's Noxious Bog    Alch           4%         4d6       100%        6


Dungeon Overview and Level Annotations

Branches:
Dungeon (4/15)             Temple (1/1) D:4

Altars:
Cheibriados
Dithmenos
Fedhas
Kikubaaqudgha
Makhleb
Nemelex Xobeh
Qazlal
Ru
Sif Muna
Trog
Uskayaw
Vehumet
Wu Jian
Xom
Yredelemnul

Annotations:
D:3 Sigmund
D:4 Dowan, Duvessa


Innate Abilities, Weirdness & Mutations

You are immune to poison.
Your flesh is cold resistant. (rC+)
You are immune to negative energy. (rN+++)
You are immune to unholy pain and torment.
You are vulnerable to heat. (rF-)
You are in touch with the powers of death.
You do not drink.
You have a special connection with the divine. (Faith)


Message History

A hound comes into view.
Dowan attacks as he pursues you! Dowan hits you with a +0 dagger.
Dowan gestures at you while chanting. The puff of frost hits you. You resist.
A hound comes into view.
A bat comes into view.
Dowan points at you and mumbles some strange words.
The puff of frost misses you.
Dowan says, "Stay away from my face!"
Dowan attacks as he pursues you! Dowan barely misses you.
Duvessa says, "Where magic fails, the sword succeeds!"
Dowan attacks as he pursues you! Dowan hits you with a +0 dagger.
Dowan attacks as he pursues you! Dowan hits you but does no damage.
Duvessa gestures with her weapon.
There is a stone staircase leading up here.
Dowan hits you with a +0 dagger.
You slash Duvessa!
Duvessa is lightly wounded.
Duvessa barely misses you.
You can now stomp with the beat.
You hit Duvessa but do no damage.
Duvessa is lightly wounded.
Duvessa hits you but does no damage. Duvessa hits you with a +0 short sword.
Dowan casts a spell.
Dowan blinks!
You hit Duvessa.
Duvessa is moderately wounded.
Duvessa hits you but does no damage.
Dowan mumbles some strange words.
Dowan blinks!
You closely miss Duvessa.
Duvessa is moderately wounded.
Duvessa zaps a wand.
The puff of flame hits you! The fire burns you terribly!
Dowan casts a spell.
Dowan blinks!
Duvessa hits you with a +0 short sword!
* * * LOW HITPOINT WARNING * * *
You hit Duvessa but do no damage.
Duvessa is moderately wounded.
Duvessa hits you with a +0 short sword!
You die...

......####h#
#.......#.###
............#
.#..#h##.###
#..#..h..# #
#..e#....#
#.#...#....#
##.....##########
..........Whhee@#
#.#......########
................#
#.#.............#
.....#..........#
##...#.#.####...#
#.#.#.#.# #####
#.#.# # .# #.#


You could see Duvessa, a phantom, Dowan and 2 hounds.

Vanquished Creatures
  3 adders
  2 dart slugs (D:1)
  A ribbon worm (D:2)
  6 orcs (D:3)
  4 ball pythons (D:1)
  4 endoplasms
  4 giant cockroaches
  4 goblins
  9 hobgoblins
  3 quokkas
  2 bats (D:1)
  3 frilled lizards (D:1)
  5 kobolds
  3 rats
53 creatures vanquished.

Notes
Turn   | Place    | Note
-------+----------+-------------------------------------------
     0 | D:1      | SnakkuSnakku7 the Mummy Alchemist began the quest for the
                  | Orb.
     0 | D:1      | Reached XP level 1. HP: 13/13 MP: 4/4
    56 | D:1      | Reached skill level 1 in Fighting
   183 | D:1      | Reached XP level 2. HP: 22/22 MP: 5/5
   291 | D:1      | Reached skill level 2 in Fighting
   515 | D:1      | Reached XP level 3. HP: 28/28 MP: 7/7
   912 | D:2      | Reached skill level 3 in Fighting
  1614 | D:3      | Found a sacrificial altar of Ru.
  1812 | D:3      | Reached XP level 4. HP: 34/35 MP: 8/8
  1829 | D:3      | Noticed Sigmund
  1835 | D:3      | Reached skill level 1 in Axes
  2002 | D:4      | Found a staircase to the Ecumenical Temple.
  2013 | Temple   | Entered the Ecumenical Temple
  2033 | Temple   | Became a worshipper of Uskayaw the Reveller
  2097 | D:4      | Noticed a phantom
  2098 | D:4      | Noticed Dowan
  2098 | D:4      | Noticed Duvessa
  2121 | D:4      | Reached * piety under Uskayaw
  2125 | D:4      | Slain by Duvessa

Illustrated notes

Levels and vault maps discovered:
D:1:      sevenhm_arrival_forest_fort_large_4, layout_basic
D:2:      layout_loops_ring, uniq_crazy_yiuf_cottage
D:3:      layout_rooms, beargit_hepliaklqana_dungeon_heroes,
          general_overflow_altar, mainiacjoe_overflow_paths,
          biasface_ghost_orc_armoury, guppyfry_early_orc_mine, uniq_grinder,
          uniq_sigmund
D:4:      layout_basic, minmay_temple_entry_tees, serial_glass, glass_columns_a,
          glass_columns_b, glass_columns_c, glass_columns_a, glass_columns_a,
          glass_columns_b, glass_columns_a, glass_columns_a,
          minmay_strange_pillars, due_unseen_surprise, minmay_strange_pillars,
          roderic_batcave, uniq_blork_the_orc, uniq_duvessa
Temple:   lightli_temple_of_artemis

Skill      XL: |  1  2  3  4 |
---------------+-------------+-----
Fighting       | 1 2 3 |  3.4
Axes           | 1 |  1.5
Dodging        | |  1.5
Stealth        | |  1.5
Spellcasting   | |  2.6
Conjurations   | |  0.7
Alchemy        | |  2.4

Action                     |  1- 3 |  4- 6 || total
---------------------------+-------+-------++-------
  Melee: Dagger            |    28 |       ||    28
         Unarmed           |     4 |       ||     4
         Falchion          |    45 |       ||    45
         Whip              |   184 |       ||   184
         Punch             |     1 |     1 ||     2
         War axe           |       |    27 ||    27
   Cast: Sting             |     8 |       ||     8
    Use: Scroll            |     1 |     1 ||     2
   Stab: Sleeping          |     1 |       ||     1
 Armour: Robe              |    22 |       ||    22
         Chain mail        |   198 |    35 ||   233
  Dodge: Dodged            |    89 |    12 ||   101
